 Dungeon Crawl Stone Soup version 0.30.1-11-g7821555f0a (webtiles) character file.

Game seed: 14927939134156309296

385 PlopperPlops the Trooper (level 6, -3/53 HPs)
             Began as a Demigod Fighter on Dec 16, 2023.
             Killed by divine providence
             ... invoked by an orc priest
              (10 damage)
             ... on level 3 of the Dungeon.
             The game lasted 00:05:02 (1830 turns).

PlopperPlops the Trooper (Demigod Fighter)          Turns: 1830, Time: 00:05:02

Health: -3/53      AC: 14    Str: 25    XL:     6   Next: 23%
Magic:  8/8        EV:  6    Int: 10    God:
Gold:   86         SH:  5    Dex: 13    Spells: 5/5 levels left

rFire   . . .        a - +0 war axe
rCold   . . .        c - +0 buckler
rNeg    . . .        i - +0 plate armour
rPois   .            j - +2 helmet
rElec   .            (no cloak)
rCorr   .            (no gloves)
SInv    .            (no boots)
Will    .....        (no amulet) Stlth
                     (no ring)
HPRegen 0.28/turn    (no ring)
MPRegen 0.11/turn

%: no passive effects
@: no status effects
A: high MP 1, forlorn, divine attributes
a: no special abilities


You were on level 3 of the Dungeon.
You visited 1 branch of the dungeon, and saw 3 of its levels.

You collected 86 gold pieces.

Inventory:

Hand Weapons
 a - a +0 war axe (weapon)
Armour
 c - a +0 buckler (worn)
 i - a +0 plate armour (worn)
 j - a +2 helmet (worn)
Scrolls
 g - a scroll of identify
 h - a scroll of fog
Potions
 b - a potion of brilliance
 d - a potion of might
 e - 5 potions of curing {unknown}
 f - 3 potions of lignification {unknown}


   Skills:
 * Level 4.6 Fighting
 + Level 3.2 Axes
 + Level 3.8 Armour
 + Level 3.8 Shields


You had 5 spell levels left.
You didn't know any spells.
Your spell library was empty.

Dungeon Overview and Level Annotations

Branches:
Dungeon (3/15)


Innate Abilities, Weirdness & Mutations

You have an increased reservoir of magic. (+10% MP)
You shall have no god before yourself.
Your divine heritage dramatically boosts your attributes as you level up.


Message History

You miss something. Something hits you but does no damage.
The orc priest hits you but does no damage.
A quokka comes into view.
You slash the orc!
You kill the orc!
You slash something!
Reactivating autopickup.
You feel a bit more experienced.
Your life force feels restored.
Your Axes skill increases to level 3!
You have reached level 6!
Your experience leads to a dramatic increase in your attributes!
Increase (S)trength, (I)ntelligence, or (D)exterity?
You feel stronger. x4
You barely miss the orc priest.
The orc priest is severely wounded.
The orc priest hits you but does no damage.
An orc comes into view. It is wielding a +0 dagger.
You closely miss the orc priest.
The orc priest is severely wounded.
The orc priest hits you but does no damage.
The orc priest hits you with a +0 club. The quokka bites you.
You barely miss the orc priest.
The orc priest is severely wounded.
You closely miss the quokka.
The quokka bites you but does no damage.
The orc priest hits you with a +0 club.
The quokka bites you but does no damage.
You hit the orc priest but do no damage.
The orc priest is severely wounded.
You hit the quokka but do no damage.
The orc priest invokes the aid of Beogh against you.
Pain shoots through your body!
* * * LOW HITPOINT WARNING * * *
The quokka twitches its whiskers.
The quokka bites you but does no damage.
The orc hits you but does no damage.
The orc priest mumbles some strange prayers to Beogh against you.
Beogh smites you!
You die...

#...## #....########
#......#....#
#...##......#
#...###...<.# #.[.#
##>...#
.######.#####....#
.................#
..####..........@### .
...#......#..roo.#
.###.#......#....#..#
............#.........#
.....#........###.##.##
......)......... ...=#
......<†...#.... .....
.....)†)........ ).....
................ o...


You could see an orc priest, an orc and a quokka.

Vanquished Creatures
  Sigmund (D:3)
  A phantom (D:2)
  A hound (D:2)
  Robin (D:3)
  4 adders
  3 dart slugs (D:1)
  2 orcs
  6 ball pythons
  3 bats
  4 endoplasms (D:1)
  3 giant cockroaches
  15 goblins
  4 hobgoblins
  3 jackals (D:1)
  5 kobolds
  A quokka (D:1)
  6 frilled lizards
  7 rats
70 creatures vanquished.

Notes
Turn   | Place    | Note
-------+----------+-------------------------------------------
     0 | D:1      | PlopperPlops the Demigod Fighter began the quest for the
                  | Orb.
     0 | D:1      | Reached XP level 1. HP: 18/18 MP: 3/3
   141 | D:1      | Reached XP level 2. HP: 25/25 MP: 4/4
   224 | D:1      | Reached skill level 3 in Fighting
   464 | D:1      | Reached XP level 3. HP: 31/31 MP: 5/5
   850 | D:2      | Noticed a phantom
   877 | D:2      | Killed a phantom
   878 | D:2      | Reached XP level 4. HP: 21/40 MP: 6/6
  1641 | D:3      | Reached skill level 4 in Fighting
  1641 | D:3      | Reached XP level 5. HP: 42/46 MP: 7/7
  1678 | D:3      | Noticed Robin
  1750 | D:3      | Killed Robin
  1807 | D:3      | Noticed Sigmund
  1826 | D:3      | Killed Sigmund
  1827 | D:3      | Reached XP level 6. HP: 23/53 MP: 8/8
  1830 | D:3      | Killed from afar by an orc priest

Illustrated notes

Levels and vault maps discovered:
D:1:      ldierk_walled_garden_2, layout_loops_ring, hangedman_decor_growths
D:2:      layout_basic, grunt_ministairs_1
D:3:      layout_rooms, overflow_temple_1_default, serial_shops,
          nicolae_shop_behind_doors, uniq_robin, uniq_sigmund, uniq_natasha

Skill      XL: |  1  2  3  4  5 |
---------------+----------------+-----
Axes           | 2 3 |  3.2
Fighting       | 3 4 |  4.6
Armour         | 3 |  3.8
Shields        | 3 |  3.8

Action                     |  1- 3 |  4- 6 || total
---------------------------+-------+-------++-------
  Melee: War axe           |    93 |    66 ||   159
    Use: Scroll            |       |     5 ||     5
 Armour: Plate armour      |    77 |    94 ||   171
         Scale mail        |     1 |       ||     1
  Dodge: Dodged            |    22 |    26 ||    48
  Block: Buckler           |    30 |    23 ||    53
